 Dungeon Crawl Stone Soup version 0.31-a0-672-g7da72447bb (webtiles) character file.

Game seed: 5573136271545743312

1113 CarvArkoylaein the Slasher (level 8, -5/70 HPs)
             Began as a Minotaur Fighter on Sept 4, 2023.
             Slain by a hornet (16 damage)
             ... on level 7 of the Dungeon.
             The game lasted 00:36:54 (5769 turns).

CarvArkoylaein the Slasher (Minotaur Fighter)       Turns: 5769, Time: 00:37:00

Health: -5/70      AC:  4    Str: 29    XL:     8   Next: 11%
Magic:  7/7        EV: 12    Int:  5    God:
Gold:   311        SH:  4    Dex: 10    Spells: 7/7 levels left

rFire   + . .        a - +0 long sword
rCold   . . .        c - +0 buckler
rNeg    . . .        p - +1 leather armour {rF+}
rPois   .            (helmet restricted)
rElec   .            (no cloak)
rCorr   .            (no gloves)
SInv    .            (no boots)
Will    .....        (no amulet)
Stlth   +            g - +6 ring of strength
HPRegen 0.31/turn    (no ring)
MPRegen 0.10/turn

%: no passive effects
@: no status effects
A: horns 2, retaliatory headbutt
a: no special abilities


You were on level 7 of the Dungeon.
You visited 2 branches of the dungeon, and saw 8 of its levels.

You collected 311 gold pieces.

Inventory:

Hand Weapons
 a - a +0 long sword (weapon)
 u - a +0 falchion
 w - a +4 short sword
Armour
 b - a +0 scale mail
 c - a +0 buckler (worn)
 d - a +0 helmet
 p - a +1 leather armour of fire resistance (worn)
 A - a +2 helmet
Magical Staves
 m - the staff of Painful Death {+Blink rC+ Stlth+ Conj}
   (You found it on level 5 of the Dungeon)

   [staff of conjuration]

   Base accuracy: +5 Base damage: 5 Base attack delay: 1.2 This weapon's minimum
   attack delay (0.6) is reached at skill level 12.
   rC+:       It protects you from cold.
   +Blink:    It lets you blink.
   Stlth+:    It makes you more stealthy.
   Conj:      It increases the power of your Conjurations spells.
   It falls into the 'Staves' category.
   It is a one-handed weapon.
Jewellery
 g - a +6 ring of strength (left hand)
 q - an amulet of faith
 t - a +6 ring of intelligence
Talismans
 f - a serpent talisman
 i - a flux talisman
 j - a beast talisman
Wands
 x - a wand of flame (16)
Scrolls
 e - 2 scrolls of vulnerability
 k - a scroll of revelation
 r - a scroll of amnesia
Potions
 h - a potion of berserk rage {unknown}
 l - a potion of magic
 n - 2 potions of brilliance
 o - a potion of heal wounds {unknown}
 s - 2 potions of enlightenment {unknown}
 z - a potion of cancellation


   Skills:
 + Level 6.1 Fighting
 + Level 7.6 Long Blades
 + Level 6.3 Armour
 + Level 3.1 Dodging
 + Level 0.8 Stealth
 + Level 4.8 Shields


You had 7 spell levels left.
You didn't know any spells.
Your spell library contained the following spells:

 Spells                   Type           Power      Damage    Failure   Level
 Kiss of Death            Conj/Necr      0%         2d5       56%         1
 Sandblast                Erth           0%         2d4       56%         1
 Passwall                 Tmut/Erth      0%         N/A       71%         2
 Confusing Touch          Hex            0%         N/A       90%         3
 Stone Arrow              Conj/Erth      0%         3d7       90%         3
 Volatile Blastmotes      Fire/Tloc      0%         2d10      90%         3
 Dispel Undead            Necr           0%         3d6       100%        4
 Fulminant Prism          Conj/Hex       0%         3d5       100%        4
 Iskenderun's Mystic Bla  Conj/Tloc      0%         2d3       100%        4


Dungeon Overview and Level Annotations

Branches:
Dungeon (7/15)             Temple (1/1) D:6

Altars:
Ashenzari
Cheibriados
Dithmenos
Elyvilon
Fedhas
Hepliaklqana
Kikubaaqudgha
Makhleb
Nemelex Xobeh
Qazlal
Ru
Sif Muna
Trog
Uskayaw
Vehumet
Wu Jian
Xom
Yredelemnul

Shops:
D:2 =!   D:3 =::

Annotations:
D:4 Blork the orc


Innate Abilities, Weirdness & Mutations

You have a pair of horns on your head.
You reflexively headbutt those who attack you in melee.


Message History

The white imp gestures at you. The puff of frost hits you!
You barely miss the hornet.
The hornet is severely wounded.
You feel yourself speed up. The hornet stings you!
You are poisoned.
You feel yourself slow down. You block the hornet's attack.
The white imp lashes its tail.
The hornet stings you!
You suddenly lose the ability to move!
You feel yourself speed up.
You feel very sick. The hornet barely misses you.
You can move again.
You feel better. The hornet stings you!
* * * LOW HITPOINT WARNING * * *
You feel yourself slow down. The hornet stings you!
* * * LOW HITPOINT WARNING * * *
You feel as though you will be slow longer.
Read: scroll of immolation
Press: ? - help, Q - select action, (/) - cycle Dir - look around, f - activate Look: a hornet (severely wounded, susceptible)
As you read the scroll of immolation, it crumbles to dust.
The creatures around you are filled with an inner flame!
You block the hornet's attack. The hornet barely misses you.
You block the hornet's attack. The hornet attacks as it pursues you!
The hornet stings you.
* * * LOW HITPOINT WARNING * * *
You feel as though you will be slow longer.
You block the hornet's attack.
The hornet stings you but does no damage.
You feel yourself speed up. The hornet misses you.
The hornet attacks as it pursues you! The hornet stings you.
* * * LOW HITPOINT WARNING * * *
You feel yourself slow down.
You feel better.
You feel yourself speed up. The hornet stings you!
You die...

### #...#....#
...#.#.... .#
#.#....###.##.##
.###..............#
........#...<......#
#.#................#
.##...###[#..........#
.......[.....#....#.##
..........#@#####...#
..........y...# #...
....>....5..#..# #...
.......#.#..##...# ...
........_...# ##..#
.......#.#..# .#
...?....(...# #
...........##
.>..#......#


You could see a hornet (inner flame) and a white imp (inner flame).

Vanquished Creatures
  Grinder (D:3)
  Menkaure (D:4)
  A black bear (D:6)
  2 ogres
  3 scorpions
  3 hounds (D:5)
  An orc wizard (D:4)
  10 gnolls
  6 adders
  2 white imps (D:6)
  An ufetubus (D:5)
  A worm (D:3)
  3 dart slugs
  14 orcs
  2 bats (D:2)
  10 endoplasms
  3 giant cockroaches
  11 goblins
  A hobgoblin (D:1)
  3 jackals (D:1)
  5 kobolds
  A quokka (D:1)
  6 ball pythons
  3 frilled lizards (D:1)
  9 rats
103 creatures vanquished.

Notes
Turn   | Place    | Note
-------+----------+-------------------------------------------
     0 | D:1      | CarvArkoylaein the Minotaur Fighter began the quest for the
                  | Orb.
     0 | D:1      | Reached XP level 1. HP: 19/19 MP: 0/0
   168 | D:1      | Reached XP level 2. HP: 27/27 MP: 1/1
   582 | D:1      | Reached XP level 3. HP: 25/33 MP: 2/2
   937 | D:2      | Found Mitt's Jewellery Boutique.
  1079 | D:2      | Found Lenamnie's Distillery.
  1121 | D:2      | Reached skill level 3 in Long Blades
  1636 | D:2      | Reached XP level 4. HP: 41/41 MP: 3/3
  1853 | D:3      | Noticed Grinder
  1875 | D:3      | Killed Grinder
  1876 | D:3      | Reached skill level 5 in Fighting
  1876 | D:3      | Reached skill level 4 in Long Blades
  1876 | D:3      | Reached skill level 5 in Armour
  1876 | D:3      | Reached skill level 1 in Dodging
  1876 | D:3      | Reached XP level 5. HP: 17/48 MP: 4/4
  1876 | D:3      | Reached XP level 6. HP: 20/56 MP: 5/5
  2124 | D:3      | Found a faded altar of an unknown god.
  2364 | D:3      | Noticed a walking crystal tome
  2366 | D:3      | Found Gynan's Book Boutique.
  2367 | D:3      | Noticed a walking frostbound tome
  2521 | D:3      | Found Unicsas's Book Emporium.
  2593 | D:3      | Found Asmer's Jewellery Shoppe.
  3177 | D:4      | Noticed Menkaure
  3209 | D:4      | Killed Menkaure
  3210 | D:4      | Reached skill level 5 in Long Blades
  3401 | D:4      | Found an ancient bone altar of Kikubaaqudgha.
  3539 | D:4      | Noticed Blork the orc
  3540 | D:4      | Found a sacrificial altar of Ru.
  3544 | D:5      | Entered Level 5 of the Dungeon
  3635 | D:5      | Reached XP level 7. HP: 61/61 MP: 6/6
  3663 | D:5      | Reached skill level 6 in Long Blades
  3771 | D:5      | Identified the staff of Painful Death {+Blink rC+ Stlth+
                  | Conj}
  4630 | D:6      | Found a shadowy altar of Dithmenos.
  4634 | D:6      | Found a snail-covered altar of Cheibriados.
  4651 | D:6      | Found an ornate altar of the Wu Jian Council.
  4655 | D:6      | Found a basalt altar of Yredelemnul.
  4731 | D:6      | Found a staircase to the Ecumenical Temple.
  4919 | D:6      | Reached skill level 7 in Long Blades
  5043 | D:6      | Found a hide-covered altar of Uskayaw.
  5047 | D:6      | Reached XP level 8. HP: 55/70 MP: 7/7
  5635 | Temple   | Entered the Ecumenical Temple
  5753 | D:7      | Found a shimmering blue altar of Sif Muna.
  5755 | D:7      | Noticed a hornet
  5761 | D:7      | Paralysed by a hornet for 2 turns
  5766 | D:7      | HP: 3/70 [hornet (2)]
  5769 | D:7      | Slain by a hornet

Illustrated notes

Levels and vault maps discovered:
D:1:      matt_arrival_diagonals, layout_basic, minmay_misc_feat_ornament
D:2:      layout_basic, serial_shops, shop, nicolae_shop_real_fake_doors,
          minmay_ruptured
D:3:      layout_loops_ring, serial_shops,
          nicolae_shop_competitors_out_of_business, nicolae_shop_mannequins,
          nicolae_shop_advertising_works [nicolae_subvault_shop_adworks],
          nicolae_ecumenical_oubliette, uniq_grinder
D:4:      layout_basic, nicolae_ru_awakened_eye, mainiacjoe_overflow_brackets,
          uniq_menkaure, uniq_blork_the_orc
D:5:      layout_rooms, cheibrodos_gnoll_hut
D:6:      layout_loops_corners, nicolae_overflow_macrodata_refinement,
          nicolae_uskayaw_dance_hall, minmay_temple_entry_arrows
D:7:      layout_rooms, nicolae_tso_besieged_by_evil, lemuel_crystal_altar
Temple:   eino_wide_crystal_templ

Skill      XL: |  1  2  3  4  5  6  7  8 |
---------------+-------------------------+-----
Fighting       | 4 5 6 |  6.1
Armour         | 4 5 6 |  6.3
Shields        | 4 |  4.8
Long Blades    | 3 4 5 7 |  7.6
Dodging        | 1 2 3 |  3.1
Stealth        | |  0.8

Action                     |  1- 3 |  4- 6 |  7- 9 || total
---------------------------+-------+-------+-------++-------
  Melee: Long sword        |    80 |    83 |   102 ||   265
         Headbutt          |     9 |    15 |    17 ||    41
    Use: Scroll            |     4 |     6 |     7 ||    17
         Potion            |       |     3 |     4 ||     7
   Stab: Sleeping          |       |       |     1 ||     1
 Armour: Scale mail        |    52 |    21 |       ||    73
         Leather armour    |       |    23 |    72 ||    95
  Dodge: Dodged            |    33 |    44 |    70 ||   147
  Block: Buckler           |    14 |    13 |    25 ||    52

Table legend: (Time is in decaauts)
 A = Elapsed time spent in this place.
 B = Non-inter-level travel time spent in this place.
 C = Inter-level travel time spent in this place.
 D = Time resting spent in this place.
 E = Time spent auto-exploring this place.
 F = Levels seen in this place.
 G = Mean time per level.
                   A        B        C        D        E       F      G
               +--------+--------+--------+--------+--------+-----+--------+
         Total |   5819 |   4514 |   1305 |    819 |   2954 |   8 |  727.4 |
       Dungeon |   5732 |   4511 |   1221 |    819 |   2954 |   7 |  818.9 |
        Temple |     86 |      2 |     84 |      0 |      0 |   1 |   86.0 |
               +--------+--------+--------+--------+--------+-----+--------+

Top non-repeatable levels by time:
     D:3: 1339 daAuts
     D:6: 1074 daAuts
     D:5: 1048 daAuts
     D:2: 983 daAuts
     D:1: 886 daAuts
     D:4: 373 daAuts
  Temple: 86 daAuts
     D:7: 26 daAuts
